 Dungeon Crawl Stone Soup version 0.29.0-4-gdea44cf6ec (webtiles) character file.

Game seed: 168570953854592509

79226 qw the Brawler (level 15, -8/146 HPs)
             Began as a Troll Cinder Acolyte on Aug 31, 2022.
             Was a High Priest of Okawaru.
             Mangled by a meliai
             ... wielding a +0 war axe
              (14 damage)
             ... on level 15 of the Dungeon.
             The game lasted 00:11:47 (20391 turns).

qw the Brawler (Troll Cinder Acolyte)              Turns: 20391, Time: 00:11:47

Health: -8/146     AC: 11    Str: 32    XL:     15   Next: 20%
Magic:  21/21      EV: 14    Int: 10    God:    Okawaru [*****.]
Gold:   1627       SH:  0    Dex:  5    Spells: 16/16 levels left

rFire   . . .      SeeInvis +     - Unarmed
rCold   . . .      Faith    .   (no shield)
rNeg    . . .      Spirit   .   r - +0 swamp dragon scales
rPois   +          Reflect  .   (helmet restricted)
rElec   .          Harm     .   y - scarf {repulsion}
rCorr   .          Rampage  .   (gloves unavailable)
Will    +....                   (boots unavailable)
Stlth   ++........              g - amulet of Vitality {RegenMP++ Regen++}
HPRegen 2.74/turn               b - +4 ring of evasion
MPRegen 0.97/turn               s - ring of see invisible

@: lethally poisoned (-8 -> -8), about to teleport, heroic, repel missiles
A: large, unfitting armour, claws 3, regeneration 1, shaggy fur 1, tough skin 1
a: Renounce Religion, Heroism, Finesse, Duel


You were on level 15 of the Dungeon.
You worshipped Okawaru.
Okawaru was extremely pleased with you.
You visited 2 branches of the dungeon, and saw 20 of its levels.

You collected 1627 gold pieces.


Innate Abilities, Weirdness & Mutations

You are too large for most types of armour.
You have claws for hands.
Your natural rate of healing is unusually fast.
You are covered in fur. (AC +1)
You have tough skin. (AC +1)


   Skills:
 - Level 9.0(14.0) Fighting
 - Level 9.0(14.0) Throwing
 - Level 4.0(9.0) Armour
 - Level 2.3(7.3) Dodging
 + Level 20.1(25.1) Unarmed Combat
 - Level 1.0 Spellcasting
 - Level 2.1 Fire Magic
 - Level 10.0 Invocations


You had 16 spell levels left.
You didn't know any spells.
Your spell library contained the following spells:

 Spells                   Type           Power      Damage    Failure   Level
 Scorch                   Fire           8%         2d5       28%         2

Inventory:

Missiles
 a - 12 boomerangs
 h - 5 javelins
 v - 21 large rocks (quivered)
Armour
 l - a +2 cloak of poison resistance
 r - +0 swamp dragon scales (worn)
 y - a scarf of repulsion (worn)
Jewellery
 b - a +4 ring of evasion (left claw)
 f - a ring of fire
 g - the amulet of Vitality (around neck) {RegenMP++ Regen++}
   (You found it on level 13 of the Dungeon)

   [amulet of magic regeneration]

   It increases your rate of magic regeneration.
   Regen:     It increases your rate of health regeneration.
 s - a ring of see invisible (right claw)
 w - a +6 ring of strength
Scrolls
 d - 5 scrolls of enchant weapon
 n - 17 scrolls of identify
Potions
 e - 4 potions of mutation
 i - 2 potions of cancellation
 j - 2 potions of resistance
 k - 10 potions of curing
 o - 2 potions of magic
 q - 4 potions of haste
 t - a potion of might

Dungeon Overview and Level Annotations

Branches:
Dungeon (15/15)            Temple (0/1) D:4            Lair (5/5) D:9
  Swamp (0/4) Lair:2       Spider (0/4) Lair:2        Slime (0/5) Lair:4
    Orc (0/2) D:12         Vaults (0/5) D:13         Depths (0/4) D:15

Altars:
Cheibriados
Elyvilon
Gozag
Okawaru
Qazlal
Uskayaw
Wu Jian
Xom
Zin
The Shining One

Portals:
Abyss: D:4
Trove: D:13 (give 19 potions of curing)

Annotations:
D:4 2 transporters, qw's ghost, amateur TeWr
D:5 1 runed translucent door, Crazy Yiuf


Message History

The meliai closely misses you. The meliai misses you.
You eviscerate the orc warrior!!!
You kill the orc warrior!
Okawaru accepts your kill. The meliai hits you with a +0 war axe.
The meliai stings you but does no damage.
You mangle the orc knight!! Your claw misses the orc knight.
The orc knight is heavily wounded.
The meliai hits you with a +0 war axe.
The meliai stings you but does no damage.
You eviscerate the orc knight!!!
You kill the orc knight!
Okawaru accepts your kill. The meliai hits you with a +0 war axe!
The meliai stings you!
You are poisoned.
The meliai poisons you!
20388 ||| READING scroll of teleportation.
As you read the scroll of teleportation, it crumbles to dust.
You feel strangely unstable.
You feel very sick. The meliai hits you with a +0 war axe.
The meliai stings you but does no damage.
The meliai invokes the aid of its god against you.
Something smites you! The orc hits you but does no damage.
You eviscerate the orc warrior!!!
You kill the orc warrior!
Okawaru accepts your kill.
You feel sick. The meliai completely misses you. The meliai barely misses you.
You claw the meliai!
The meliai is moderately wounded.
You feel sick.
The orc no longer looks unusually strong.
The meliai closely misses you. The meliai completely misses you.
The orc hits you but does no damage.
20391 ||| Stepping ~*~*~tactically~*~*~ (outnumbered).
The orc attacks as you move away! The orc hits you with a +0 short sword.
You feel very sick.
The orc no longer looks unusually strong.
The meliai hits you with a +0 war axe!
You die...

.....~~#~¤¤...# ...#
#...#~¤¤~¤#...# ...
#.¤¤¤~¤.~¤¤~¤.# ##.. ..
#.¤~¤~..¤¤.~¤¤####.. .#
..~#~..>..~¤¤¤..##.# .###
...~¤~.¤¤~~¤.¤#.##.# ...
..¤~~~~.¤~~~¤......###.# #
....#~~~¤~#...####o.)..##?##.
.....~~#~¤......@y..##.......
.#...~.~.~.......)o).......#
###.......)......##.#####....
#####..##.....###... #
##..##.........##
##...#........# .....######.#
.....# .. ......


You could see a meliai and 2 orcs.

Vanquished Creatures
  A stone giant (D:15)
  Fannar (Lair:3)
  Harold (Lair:1)
  4 vault guards (D:13)
  6 boulder beetles
  2 catoblepae
  4 centaur warriors
  8 hydras
  2 two-headed ogres
  2 tengu warriors (D:13)
  Urug (Lair:2)
  2 deep troll shamans
  6 death yaks (Lair:5)
  Amaemon (Lair:3)
  Sonja (D:12)
  3 deep trolls (D:13)
  A lindwurm (Lair:5)
  2 wizards (D:13)
  A necromancer (D:13)
  A deep elf pyromancer (D:13)
  An orc knight (D:15)
  3 cyclopes
  4 oklob plants (Lair:2)
  Maurice (D:8)
  4 black mambas
  11 elephants
  2 gargoyles
  2 torpor snails
  An orange demon (Lair:3)
  Psyche (D:8)
  Maggie (Lair:1)
  3 kobold demonologists
  A rime drake (Lair:5)
  16 cane toads
  An unseen horror (D:13)
  13 komodo dragons
  A tengu conjurer (D:13)
  An efreet (D:14)
  5 trolls
  2 polar bears (Lair:5)
  Prince Ribbit (D:5)
  2 meliai (D:15)
  Grinder (D:6)
  2 hornets
  2 dream sheep (Lair:5)
  5 slime creatures
  5 blink frogs (Lair:4)
  10 shadows
  2 jumping spiders (Lair:2)
  A vampire (D:11)
  42 yaks
  4 wyverns
  2 culicivoras (Lair:2)
  A wraith (D:10)
  A basilisk (Lair:4)
  7 fire elementals
  18 humans (D:13)
  9 vampire mosquitoes
  A steam dragon (D:6)
  A redback (Lair:2)
  Edmund (D:4)
  2 acid dragons
  Duvessa (D:5)
  17 water moccasins
  5 orc warriors
  5 sky beasts
  2 black bears
  An ogre (D:6)
  18 wolves
  22 centaurs
  2 kobold brigands
  2 phantoms
  9 bullfrogs
  7 gnoll sergeants
  8 scorpions
  4 necrophages
  9 wights
  Dowan (D:5)
  A troll zombie (D:12)
  4 killer bees (D:9)
  5 vampire bats (Lair:3)
  5 electric eels
  7 howler monkeys
  A wyvern simulacrum (D:8)
  3 gnoll boudas (D:7)
  7 hounds
  11 jellies
  5 orc priests
  8 iguanas
  10 orc wizards
  6 hell rats (Lair:3)
  5 ogre zombies (D:12)
  29 gnolls
  9 adders
  A shadow imp (D:8)
  A howler monkey simulacrum (D:8)
  2 white imps (D:8)
  A worm (D:2)
  44 orcs
  10 endoplasms
  3 giant cockroaches
  6 goblins
  6 hobgoblins
  14 jackals
  25 kobolds
  4 quokkas
  4 ball pythons
  11 bats
  7 frilled lizards
  2 goblin skeletons (D:12)
  A goblin zombie (D:12)
  2 hobgoblin skeletons (D:12)
  3 hobgoblin zombies (D:12)
  2 orc skeletons (D:12)
  9 orc zombies (D:12)
  4 rats
635 creatures vanquished.

Vanquished Creatures (others)
  An orc wizard (D:8)
  32 fungi
  37 plants
70 creatures vanquished.

Grand Total: 705 creatures vanquished

Notes
Turn   | Place    | Note
-------+----------+-------------------------------------------
     0 | D:1      | qw the Troll Cinder Acolyte began the quest for the Orb.
     0 | D:1      | Reached XP level 1. HP: 22/22 MP: 1/1
     0 | D:1      | 0 ||| qw: Version: 0.1-a-97-g2dd2ca4
     0 | D:1      | 0 ||| qw: Game counter: 4479
     0 | D:1      | 0 ||| qw: Always use a shield: true
     0 | D:1      | 0 ||| qw: God list: Okawaru
     0 | D:1      | 0 ||| qw: Allow faded altars: false
     0 | D:1      | 0 ||| qw: Do Orc after D:15 true
     0 | D:1      | 0 ||| qw: Do second Lair branch before Depths: true
     0 | D:1      | 0 ||| qw: Lair rune preference: random
     0 | D:1      | 0 ||| qw: Plans: Normal
     0 | D:1      | 0 ||| PLANNING D:1-11
    18 | D:1      | Found a faded altar of an unknown god.
   229 | D:1      | 229 ||| Stepping ~*~*~tactically~*~*~ (hiding).
   246 | D:1      | Reached XP level 2. HP: 18/29 MP: 2/2
   301 | D:1      | Reached skill level 4 in Unarmed Combat
   319 | D:1      | 319 ||| Stepping ~*~*~tactically~*~*~ (stealth).
   336 | D:1      | Reached XP level 3. HP: 36/36 MP: 3/3
   789 | D:1      | 789 ||| READING scroll labelled ITIDUEKKIO.
   808 | D:1      | 808 ||| READING scroll labelled GADAAMA FEHIE.
   809 | D:1      | 809 ||| READING scroll labelled FATOLO OWNOUQ.
   927 | D:2      | 927 ||| Stepping ~*~*~tactically~*~*~ (hiding).
   933 | D:2      | 933 ||| INVOKING Fiery Armour.
   936 | D:2      | Reached skill level 1 in Throwing
   936 | D:2      | HP: 5/36 [gnoll/+0 halberd (8)]
   941 | D:2      | Reached XP level 4. HP: 10/44 MP: 4/4
   941 | D:2      | HP: 8/44 [gnoll/+0 halberd (3)]
  1271 | D:2      | 1271 ||| Stepping ~*~*~tactically~*~*~ (stealth).
  1282 | D:2      | Reached skill level 5 in Unarmed Combat
  1522 | D:2      | 1522 ||| READING scroll labelled DEONEP FOATOPHAQE.
  1523 | D:2      | 1523 ||| READING 2 scrolls labelled JILURA IMMIE.
  1524 | D:2      | 1524 ||| READING scroll labelled ZOMPIRR PELIFY.
  1525 | D:2      | 1525 ||| READING scroll labelled FEPOG ISAEQIE.
  1526 | D:2      | 1526 ||| READING scroll labelled IDGHAU YWIUGA.
  1527 | D:2      | 1527 ||| DRINKING 2 fizzy ruby potions.
  1551 | D:2      | 1551 ||| DRINKING 2 emerald potions.
  1656 | D:2      | 1656 ||| DROPPING potion of lignification.
  1657 | D:2      | 1657 ||| DROPPING scroll of amnesia.
  1658 | D:2      | 1658 ||| DROPPING potion of berserk rage.
  1741 | D:3      | 1741 ||| Stepping ~*~*~tactically~*~*~ (stealth).
  1742 | D:3      | 1742 ||| Stepping ~*~*~tactically~*~*~ (stealth).
  1884 | D:3      | Found a hide-covered altar of Uskayaw.
  2251 | D:3      | 2251 ||| Stepping ~*~*~tactically~*~*~ (stealth).
  2268 | D:3      | 2268 ||| Stepping ~*~*~tactically~*~*~ (stealth).
  2284 | D:3      | Reached XP level 5. HP: 50/50 MP: 5/5
  2347 | D:3      | 2347 ||| READING 2 scrolls labelled SIATAA GOENAC.
  2348 | D:3      | 2348 ||| DRINKING 2 bubbling green potions.
  2349 | D:3      | 2349 ||| DRINKING 2 black potions.
  2350 | D:3      | 2350 ||| DRINKING 2 smoky yellow potions.
  2351 | D:3      | 2351 ||| DROPPING potion of attraction.
  2398 | D:4      | 2398 ||| STAIRDANCE
  2402 | D:3      | Reached skill level 6 in Unarmed Combat
  2423 | D:4      | 2423 ||| STAIRDANCE
  2478 | D:4      | Noticed Edmund
  2479 | D:4      | 2479 ||| Stepping ~*~*~tactically~*~*~ (stealth).
  2484 | D:4      | 2484 ||| Stepping ~*~*~tactically~*~*~ (stealth).
  2492 | D:4      | 2492 ||| INVOKING Fiery Armour.
  2494 | D:4      | Killed Edmund
  2495 | D:4      | Reached skill level 7 in Unarmed Combat
  2495 | D:4      | Reached XP level 6. HP: 17/59 MP: 6/6
  2497 | D:4      | 2497 ||| FLEEEEING.
  2498 | D:4      | 2498 ||| FLEEEEING.
  2499 | D:4      | 2499 ||| FLEEEEING.
  2500 | D:4      | 2500 ||| FLEEEEING.
  2501 | D:4      | 2501 ||| FLEEEEING.
  2502 | D:4      | 2502 ||| FLEEEEING.
  2503 | D:4      | 2503 ||| FLEEEEING.
  2504 | D:4      | 2504 ||| FLEEEEING.
  2505 | D:4      | 2505 ||| FLEEEEING.
  2506 | D:4      | 2506 ||| FLEEEEING.
  2507 | D:4      | 2507 ||| FLEEEEING.
  2508 | D:4      | 2508 ||| FLEEEEING.
  2509 | D:4      | 2509 ||| FLEEEEING.
  2510 | D:4      | 2510 ||| FLEEEEING.
  2511 | D:4      | 2511 ||| FLEEEEING.
  2512 | D:4      | 2512 ||| FLEEEEING.
  2513 | D:4      | 2513 ||| FLEEEEING.
  2514 | D:4      | 2514 ||| FLEEEEING.
  2515 | D:4      | 2515 ||| FLEEEEING.
  2516 | D:4      | 2516 ||| FLEEEEING.
  2517 | D:4      | 2517 ||| FLEEEEING.
  2518 | D:4      | 2518 ||| FLEEEEING.
  2519 | D:4      | 2519 ||| FLEEEEING.
  2520 | D:4      | 2520 ||| FLEEEEING.
  2521 | D:4      | 2521 ||| FLEEEEING.
  2522 | D:4      | 2522 ||| STAIRDANCE
  2537 | D:3      | 2537 ||| DRINKING 2 sedimented black potions.
  2538 | D:3      | 2538 ||| DROPPING potion of magic.
  2541 | D:4      | 2541 ||| STAIRDANCE
  2610 | D:4      | 2610 ||| Stepping ~*~*~tactically~*~*~ (stealth).
  2611 | D:4      | 2611 ||| Stepping ~*~*~tactically~*~*~ (stealth).
  2612 | D:4      | 2612 ||| Stepping ~*~*~tactically~*~*~ (hiding).
  2619 | D:4      | 2619 ||| DRINKING potion of curing.
  2619 | D:4      | 2619 ||| (to cure confusion)
  2620 | D:4      | 2620 ||| INVOKING Fiery Armour.
  2622 | D:4      | 2622 ||| Stepping ~*~*~tactically~*~*~ (outnumbered).
  2630 | D:4      | 2630 ||| Stepping ~*~*~tactically~*~*~ (outnumbered).
  2631 | D:4      | 2631 ||| Stepping ~*~*~tactically~*~*~ (outnumbered).
  2632 | D:4      | 2632 ||| Stepping ~*~*~tactically~*~*~ (outnumbered).
  2633 | D:4      | 2633 ||| Stepping ~*~*~tactically~*~*~ (outnumbered).
  2634 | D:4      | 2634 ||| Stepping ~*~*~tactically~*~*~ (outnumbered).
  2636 | D:4      | 2636 ||| Stepping ~*~*~tactically~*~*~ (outnumbered).
  2792 | D:4      | Found a transporter.
  2801 | D:4      | Noticed a small abomination
  2831 | D:4      | Identified the +1 leather armour of Lilacs {Dex+4}
  2832 | D:4      | Found a one-way gate to the infinite horrors of the Abyss.
  2832 | D:4      | Noticed qw's ghost (amateur TeWr)
  2908 | D:4      | Found a staircase to the Ecumenical Temple.
  3066 | D:4      | Noticed a small abomination
  3070 | D:4      | Found a transporter.
  3173 | D:4      | Noticed a toenail golem
  3231 | D:4      | 3231 ||| UPGRADING to +4 ring of evasion.
  3232 | D:4      | 3232 ||| READING scroll labelled XEARITWAKIO.
  3233 | D:4      | 3233 ||| READING scroll labelled HOILUES ORIU.
  3234 | D:4      | 3234 ||| DRINKING 2 viscous cyan potions.
  3335 | D:4      | 3335 ||| DROPPING potion of ambrosia.
  3367 | D:5      | Entered Level 5 of the Dungeon
  3367 | D:5      | Noticed Duvessa
  3379 | D:5      | Killed Duvessa
  3380 | D:5      | Reached skill level 8 in Unarmed Combat
  3380 | D:5      | Reached XP level 7. HP: 48/66 MP: 7/7
  3380 | D:5      | 3380 ||| STAIRDANCE
  3448 | D:5      | Noticed Prince Ribbit
  3461 | D:5      | Killed Prince Ribbit
  3486 | D:5      | You fall into a shaft and drop 3 floors!
  3528 | D:8      | Noticed Maurice
  3529 | D:8      | 3529 ||| Stepping ~*~*~tactically~*~*~ (hiding).
  3542 | D:8      | 3542 ||| Stepping ~*~*~tactically~*~*~ (stealth).
  3544 | D:8      | 3544 ||| INVOKING Fiery Armour.
  3561 | D:8      | Killed Maurice
  3562 | D:8      | Reached skill level 9 in Unarmed Combat
  3562 | D:8      | Reached XP level 8. HP: 37/78 MP: 8/8
  3664 | D:8      | 3664 ||| Stepping ~*~*~tactically~*~*~ (hiding).
  3666 | D:8      | 3666 ||| Stepping ~*~*~tactically~*~*~ (hiding).
  3669 | D:8      | Reached skill level 1 in Dodging
  3687 | D:8      | 3687 ||| UPGRADING to +0 cloak.
  3692 | D:8      | 3692 ||| UPGRADING to ring of protection from cold.
  3718 | D:7      | 3718 ||| Stepping ~*~*~tactically~*~*~ (hiding).
  3719 | D:7      | 3719 ||| Stepping ~*~*~tactically~*~*~ (hiding).
  3745 | D:6      | 3745 ||| INVOKING Fiery Armour.
  3748 | D:6      | 3748 ||| Stepping ~*~*~tactically~*~*~ (outnumbered).
  3845 | D:5      | Noticed Dowan
  3850 | D:5      | 3850 ||| Stepping ~*~*~tactically~*~*~ (outnumbered).
  3851 | D:5      | Killed Dowan
  3853 | D:5      | Reached skill level 10 in Unarmed Combat
  3854 | D:5      | 3854 ||| Stepping ~*~*~tactically~*~*~ (outnumbered).
  3855 | D:5      | 3855 ||| Stepping ~*~*~tactically~*~*~ (outnumbered).
  3856 | D:5      | 3856 ||| Stepping ~*~*~tactically~*~*~ (outnumbered).
  3857 | D:5      | 3857 ||| Stepping ~*~*~tactically~*~*~ (outnumbered).
  3858 | D:5      | 3858 ||| Stepping ~*~*~tactically~*~*~ (outnumbered).
  3947 | D:5      | 3947 ||| Stepping ~*~*~tactically~*~*~ (stealth).
  4016 | D:5      | 4016 ||| Stepping ~*~*~tactically~*~*~ (stealth).
  4022 | D:5      | 4022 ||| Stepping ~*~*~tactically~*~*~ (hiding).
  4023 | D:5      | 4023 ||| Stepping ~*~*~tactically~*~*~ (hiding).
  4050 | D:5      | 4050 ||| Stepping ~*~*~tactically~*~*~ (stealth).
  4051 | D:5      | 4051 ||| Stepping ~*~*~tactically~*~*~ (stealth).
  4052 | D:5      | 4052 ||| Stepping ~*~*~tactically~*~*~ (stealth).
  4096 | D:5      | Identified the +5 hand axe of Liladify {holy, *Noise rPois
                  | rF++}
  4114 | D:5      | Found a runed translucent door.
  4115 | D:5      | Noticed Crazy Yiuf
  4423 | D:5      | 4423 ||| READING scroll labelled HUSUER XONAR.
  4497 | D:6      | 4497 ||| STAIRDANCE
  4503 | D:5      | Reached skill level 11 in Unarmed Combat
  4596 | D:6      | Found an ornate altar of the Wu Jian Council.
  4626 | D:6      | 4626 ||| Stepping ~*~*~tactically~*~*~ (stealth).
  4628 | D:6      | 4628 ||| INVOKING Fiery Armour.
  4631 | D:6      | 4631 ||| Stepping ~*~*~tactically~*~*~ (outnumbered).
  4633 | D:6      | Reached XP level 9. HP: 80/84 MP: 9/9
  4754 | D:6      | 4754 ||| Stepping ~*~*~tactically~*~*~ (hiding).
  4757 | D:6      | 4757 ||| Stepping ~*~*~tactically~*~*~ (hiding).
  4776 | D:6      | 4776 ||| FLEEEEING.
  4852 | D:6      | Noticed Grinder
  4863 | D:6      | Killed Grinder
  4864 | D:6      | Reached skill level 12 in Unarmed Combat
  4905 | D:6      | 4905 ||| Stepping ~*~*~tactically~*~*~ (outnumbered).
  4907 | D:6      | 4907 ||| Stepping ~*~*~tactically~*~*~ (outnumbered).
  4908 | D:6      | 4908 ||| Stepping ~*~*~tactically~*~*~ (outnumbered).
  4909 | D:6      | 4909 ||| Stepping ~*~*~tactically~*~*~ (outnumbered).
  4910 | D:6      | 4910 ||| Stepping ~*~*~tactically~*~*~ (outnumbered).
  5049 | D:6      | Identified the +10 rapier of Esuser {antimagic, rF+}
  5084 | D:6      | 5084 ||| DRINKING 2 clear potions.
  5085 | D:6      | 5085 ||| READING 3 scrolls of identify.
  5085 | D:6      | 5085 ||| IDENTIFYING red potion
  5086 | D:6      | 5086 ||| READING 2 scrolls of identify.
  5086 | D:6      | 5086 ||| IDENTIFYING lumpy silvery potion
  5087 | D:6      | 5087 ||| DROPPING potion of brilliance.
  5088 | D:6      | 5088 ||| DROPPING potion of flight.
  5125 | D:7      | 5125 ||| Stepping ~*~*~tactically~*~*~ (outnumbered).
  5233 | D:7      | 5233 ||| INVOKING Fiery Armour.
  5236 | D:7      | 5236 ||| Stepping ~*~*~tactically~*~*~ (outnumbered).
  5238 | D:7      | 5238 ||| Stepping ~*~*~tactically~*~*~ (outnumbered).
  5239 | D:7      | 5239 ||| Stepping ~*~*~tactically~*~*~ (outnumbered).
  5240 | D:7      | 5240 ||| Stepping ~*~*~tactically~*~*~ (outnumbered).
  5241 | D:7      | 5241 ||| Stepping ~*~*~tactically~*~*~ (outnumbered).
  5244 | D:7      | 5244 ||| Stepping ~*~*~tactically~*~*~ (outnumbered).
  5245 | D:7      | 5245 ||| Stepping ~*~*~tactically~*~*~ (outnumbered).
  5246 | D:7      | 5246 ||| Stepping ~*~*~tactically~*~*~ (outnumbered).
  5247 | D:7      | 5247 ||| Stepping ~*~*~tactically~*~*~ (outnumbered).
  5256 | D:7      | 5256 ||| Stepping ~*~*~tactically~*~*~ (stealth).
  5288 | D:7      | 5288 ||| Stepping ~*~*~tactically~*~*~ (outnumbered).
  5289 | D:7      | 5289 ||| Stepping ~*~*~tactically~*~*~ (outnumbered).
  5290 | D:7      | 5290 ||| Stepping ~*~*~tactically~*~*~ (outnumbered).
  5292 | D:7      | 5292 ||| Stepping ~*~*~tactically~*~*~ (outnumbered).
  5293 | D:7      | 5293 ||| Stepping ~*~*~tactically~*~*~ (outnumbered).
  5297 | D:7      | 5297 ||| Stepping ~*~*~tactically~*~*~ (outnumbered).
  5307 | D:7      | 5307 ||| Stepping ~*~*~tactically~*~*~ (outnumbered).
  5308 | D:7      | 5308 ||| Stepping ~*~*~tactically~*~*~ (outnumbered).
  5309 | D:7      | 5309 ||| Stepping ~*~*~tactically~*~*~ (outnumbered).
  5310 | D:7      | 5310 ||| Stepping ~*~*~tactically~*~*~ (outnumbered).
  5311 | D:7      | 5311 ||| Stepping ~*~*~tactically~*~*~ (outnumbered).
  5312 | D:7      | 5312 ||| Stepping ~*~*~tactically~*~*~ (outnumbered).
  5314 | D:7      | 5314 ||| Stepping ~*~*~tactically~*~*~ (outnumbered).
  5331 | D:7      | 5331 ||| Stepping ~*~*~tactically~*~*~ (hiding).
  5337 | D:7      | 5337 ||| Stepping ~*~*~tactically~*~*~ (hiding).
  5342 | D:7      | 5342 ||| Stepping ~*~*~tactically~*~*~ (stealth).
  5371 | D:7      | 5371 ||| Stepping ~*~*~tactically~*~*~ (stealth).
  5384 | D:7      | Reached skill level 13 in Unarmed Combat
  5498 | D:7      | Found a white marble altar of Elyvilon.
  5620 | D:7      | Reached skill level 1 in Armour
  5748 | D:7      | Found a glowing silver altar of Zin.
  5750 | D:7      | Found a glowing golden altar of the Shining One.
  5877 | D:7      | 5877 ||| READING scroll of enchant armour.
  5877 | D:7      | 5877 ||| ENCHANTING +0 cloak.
  5916 | D:7      | Reached XP level 10. HP: 96/96 MP: 10/10
  5920 | D:7      | 5920 ||| Stepping ~*~*~tactically~*~*~ (hiding).
  5921 | D:7      | 5921 ||| Stepping ~*~*~tactically~*~*~ (hiding).
  5944 | D:7      | 5944 ||| INVOKING Fiery Armour.
  6043 | D:7      | 6043 ||| DRINKING 3 metallic brown potions.
  6044 | D:7      | 6044 ||| READING 4 scrolls of identify.
  6044 | D:7      | 6044 ||| IDENTIFYING inky potion
  6045 | D:7      | 6045 ||| READING 3 scrolls of identify.
  6045 | D:7      | 6045 ||| IDENTIFYING fuming clear potion
  6046 | D:7      | 6046 ||| READING 2 scrolls of identify.
  6046 | D:7      | 6046 ||| IDENTIFYING amethyst potion
  6047 | D:7      | 6047 ||| DROPPING potion of degeneration.
  6113 | D:8      | Noticed Psyche
  6143 | D:8      | 6143 ||| DRINKING 2 potions of cancellation.
  6144 | D:8      | 6144 ||| INVOKING Fiery Armour.
  6147 | D:8      | HP: 22/95 [something (2)]
  6148 | D:8      | 6148 ||| FLEEEEING.
  6149 | D:8      | 6149 ||| FLEEEEING.
  6150 | D:8      | 6150 ||| FLEEEEING.
  6153 | D:8      | HP: 18/96 [something (1)]
  6154 | D:8      | Killed Psyche
  6159 | D:8      | HP: 16/96 [something (3)]
  6161 | D:8      | 6161 ||| FLEEEEING.
  6162 | D:8      | 6162 ||| FLEEEEING.
  6163 | D:8      | 6163 ||| FLEEEEING.
  6163 | D:8      | Noticed a two-headed ogre
  6164 | D:8      | 6164 ||| DRINKING 3 potions of heal wounds.
  6171 | D:8      | HP: 23/96 [two-headed ogre/+0 giant club (25)]
  6172 | D:8      | 6172 ||| READING 4 scrolls of teleportation.
  6173 | D:8      | 6173 ||| DRINKING 2 potions of heal wounds.
  6177 | D:8      | Killed a two-headed ogre
  6178 | D:8      | Reached skill level 14 in Unarmed Combat
  6178 | D:8      | 6178 ||| FLEEEEING.
  6324 | D:8      | Found a stormy altar of Qazlal.
  6324 | D:8      | Found a snail-covered altar of Cheibriados.
  6324 | D:8      | Found an iron altar of Okawaru.
  6341 | D:8      | Found an opulent altar of Gozag.
  6418 | D:8      | 6418 ||| INVOKING Fiery Armour.
  6825 | D:8      | 6825 ||| UPGRADING to +2 robe of cold resistance.
  6835 | D:8      | 6835 ||| DROPPING +0 robe.
  6836 | D:8      | 6836 ||| UPGRADING to ring of willpower.
  6870 | D:9      | 6870 ||| Stepping ~*~*~tactically~*~*~ (stealth).
  6872 | D:9      | 6872 ||| Stepping ~*~*~tactically~*~*~ (stealth).
  6892 | D:9      | 6892 ||| FLEEEEING.
  6967 | D:9      | 6967 ||| INVOKING Fiery Armour.
  6969 | D:9      | 6969 ||| Stepping ~*~*~tactically~*~*~ (outnumbered).
  6972 | D:9      | Reached skill level 6 in Fighting
  6978 | D:9      | 6978 ||| Stepping ~*~*~tactically~*~*~ (outnumbered).
  6979 | D:9      | 6979 ||| Stepping ~*~*~tactically~*~*~ (outnumbered).
  6980 | D:9      | 6980 ||| Stepping ~*~*~tactically~*~*~ (outnumbered).
  7199 | D:9      | 7199 ||| Stepping ~*~*~tactically~*~*~ (hiding).
  7403 | D:9      | 7403 ||| Stepping ~*~*~tactically~*~*~ (hiding).
  7533 | D:9      | Noticed a gargoyle
  7536 | D:9      | Killed a gargoyle
  7537 | D:9      | Reached skill level 15 in Unarmed Combat
  7725 | D:9      | Found a staircase to the Lair.
  7780 | D:9      | 7780 ||| INVOKING Fiery Armour.
  7786 | D:9      | Reached XP level 11. HP: 67/106 MP: 11/11
  8045 | D:9      | 8045 ||| PLANNING LAIR
  8045 | D:9      | 8045 ||| UPGRADING to +0 acid dragon scales.
  8055 | D:9      | 8055 ||| UPGRADING to ring of protection from cold.
  8116 | Lair:1   | Entered Level 1 of the Lair of Beasts
  8117 | Lair:1   | 8117 ||| INVOKING Fiery Armour.
  8120 | Lair:1   | 8120 ||| Stepping ~*~*~tactically~*~*~ (outnumbered).
  8120 | Lair:1   | Noticed a five-headed hydra
  8121 | Lair:1   | 8121 ||| Stepping ~*~*~tactically~*~*~ (outnumbered).
  8122 | Lair:1   | 8122 ||| Stepping ~*~*~tactically~*~*~ (outnumbered).
  8123 | Lair:1   | 8123 ||| Stepping ~*~*~tactically~*~*~ (outnumbered).
  8124 | Lair:1   | 8124 ||| Stepping ~*~*~tactically~*~*~ (outnumbered).
  8125 | Lair:1   | 8125 ||| Stepping ~*~*~tactically~*~*~ (outnumbered).
  8126 | Lair:1   | 8126 ||| Stepping ~*~*~tactically~*~*~ (outnumbered).
  8127 | Lair:1   | 8127 ||| Stepping ~*~*~tactically~*~*~ (outnumbered).
  8142 | Lair:1   | HP: 24/106 [yak (8)]
  8143 | Lair:1   | Reached skill level 3 in Armour
  8143 | Lair:1   | 8143 ||| READING 3 scrolls of teleportation.
  8144 | Lair:1   | 8144 ||| DRINKING potion of heal wounds.
  8160 | Lair:1   | Noticed a seven-headed hydra
  8169 | Lair:1   | Killed a ten-headed hydra
  8308 | Lair:1   | 8308 ||| INVOKING Fiery Armour.
  8318 | Lair:1   | Killed a seven-headed hydra
  8365 | Lair:1   | 8365 ||| PLANNING CONVERSION TO OKAWARU
  8412 | D:8      | Fell from the grace of Ignis
  8412 | D:8      | Became a worshipper of Warmaster Okawaru
  8413 | D:8      | 8413 ||| PLANNING LAIR
  8563 | Lair:1   | 8563 ||| Stepping ~*~*~tactically~*~*~ (stealth).
  8568 | Lair:1   | Reached skill level 16 in Unarmed Combat
  8636 | Lair:1   | Noticed Harold
  8639 | Lair:1   | Noticed Maggie
  8644 | Lair:1   | Killed Harold
  8653 | Lair:1   | Killed Maggie
  8653 | Lair:1   | Reached * piety under Okawaru
  8997 | Lair:1   | 8997 ||| Stepping ~*~*~tactically~*~*~ (stealth).
  8998 | Lair:1   | 8998 ||| INVOKING Heroism.
  9001 | Lair:1   | Reached skill level 1 in Invocations
  9240 | Lair:1   | 9240 ||| DROPPING +2 robe of cold resistance.
  9241 | Lair:1   | 9241 ||| UPGRADING to +0 swamp dragon scales.
  9251 | Lair:1   | 9251 ||| DROPPING +0 acid dragon scales.
  9315 | Lair:2   | 9315 ||| FLEEEEING.
  9315 | Lair:2   | Found a hole to the Spider Nest.
  9316 | Lair:2   | 9316 ||| FLEEEEING.
  9317 | Lair:2   | 9317 ||| FLEEEEING.
  9319 | Lair:2   | 9319 ||| Stepping ~*~*~tactically~*~*~ (stealth).
  9322 | Lair:2   | 9322 ||| Stepping ~*~*~tactically~*~*~ (stealth).
  9341 | Lair:2   | 9341 ||| Stepping ~*~*~tactically~*~*~ (stealth).
  9344 | Lair:2   | 9344 ||| INVOKING Heroism.
  9352 | Lair:2   | 9352 ||| Stepping ~*~*~tactically~*~*~ (outnumbered).
  9353 | Lair:2   | 9353 ||| Stepping ~*~*~tactically~*~*~ (outnumbered).
  9356 | Lair:2   | 9356 ||| Stepping ~*~*~tactically~*~*~ (outnumbered).
  9360 | Lair:2   | 9360 ||| Stepping ~*~*~tactically~*~*~ (stealth).
  9361 | Lair:2   | 9361 ||| Stepping ~*~*~tactically~*~*~ (stealth).
  9362 | Lair:2   | 9362 ||| Stepping ~*~*~tactically~*~*~ (stealth).
  9363 | Lair:2   | 9363 ||| Stepping ~*~*~tactically~*~*~ (stealth).
  9364 | Lair:2   | 9364 ||| Stepping ~*~*~tactically~*~*~ (stealth).
  9365 | Lair:2   | 9365 ||| INVOKING Heroism.
  9366 | Lair:2   | 9366 ||| Stepping ~*~*~tactically~*~*~ (stealth).
  9367 | Lair:2   | 9367 ||| Stepping ~*~*~tactically~*~*~ (stealth).
  9368 | Lair:2   | 9368 ||| Stepping ~*~*~tactically~*~*~ (stealth).
  9369 | Lair:2   | 9369 ||| Stepping ~*~*~tactically~*~*~ (stealth).
  9374 | Lair:2   | 9374 ||| Stepping ~*~*~tactically~*~*~ (outnumbered).
  9375 | Lair:2   | 9375 ||| Stepping ~*~*~tactically~*~*~ (outnumbered).
  9376 | Lair:2   | 9376 ||| Stepping ~*~*~tactically~*~*~ (outnumbered).
  9377 | Lair:2   | 9377 ||| Stepping ~*~*~tactically~*~*~ (outnumbered).
  9381 | Lair:2   | Reached skill level 3 in Invocations
  9382 | Lair:2   | 9382 ||| INVOKING Heroism.
  9389 | Lair:2   | Reached ** piety under Okawaru
  9398 | Lair:2   | Reached XP level 12. HP: 33/118 MP: 10/13
  9474 | Lair:2   | 9474 ||| Stepping ~*~*~tactically~*~*~ (stealth).
  9524 | Lair:2   | 9524 ||| Stepping ~*~*~tactically~*~*~ (stealth).
  9537 | Lair:2   | 9537 ||| INVOKING Heroism.
  9545 | Lair:2   | 9545 ||| Stepping ~*~*~tactically~*~*~ (stealth).
  9546 | Lair:2   | 9546 ||| Stepping ~*~*~tactically~*~*~ (outnumbered).
  9547 | Lair:2   | 9547 ||| Stepping ~*~*~tactically~*~*~ (outnumbered).
  9550 | Lair:2   | 9550 ||| Stepping ~*~*~tactically~*~*~ (outnumbered).
  9551 | Lair:2   | 9551 ||| Stepping ~*~*~tactically~*~*~ (outnumbered).
  9552 | Lair:2   | 9552 ||| Stepping ~*~*~tactically~*~*~ (outnumbered).
  9553 | Lair:2   | 9553 ||| Stepping ~*~*~tactically~*~*~ (outnumbered).
  9561 | Lair:2   | Reached *** piety under Okawaru
  9562 | Lair:2   | Reached skill level 17 in Unarmed Combat
  9571 | Lair:2   | 9571 ||| INVOKING Heroism.
  9607 | Lair:2   | 9607 ||| Stepping ~*~*~tactically~*~*~ (stealth).
  9608 | Lair:2   | 9608 ||| Stepping ~*~*~tactically~*~*~ (stealth).
  9619 | Lair:2   | 9619 ||| INVOKING Heroism.
  9727 | Lair:2   | 9727 ||| Stepping ~*~*~tactically~*~*~ (stealth).
  9727 | Lair:2   | Noticed a four-headed hydra
  9728 | Lair:2   | 9728 ||| INVOKING Heroism.
  9734 | Lair:2   | 9734 ||| Stepping ~*~*~tactically~*~*~ (stealth).
  9736 | Lair:2   | Killed an eight-headed hydra
  9737 | Lair:2   | Reached skill level 3 in Throwing
  9836 | Lair:2   | Found a staircase to the Swamp.
  9860 | Lair:2   | 9860 ||| Stepping ~*~*~tactically~*~*~ (stealth).
  9904 | Lair:2   | 9904 ||| Stepping ~*~*~tactically~*~*~ (stealth).
  9913 | Lair:2   | 9913 ||| INVOKING Heroism.
 10030 | Lair:2   | Noticed Urug
 10031 | Lair:2   | 10031 ||| INVOKING Heroism.
 10042 | Lair:2   | Killed Urug
 10105 | Lair:2   | You fall into a shaft and drop 1 floor!
 10109 | Lair:3   | 10109 ||| INVOKING Heroism.
 10120 | Lair:3   | 10120 ||| Stepping ~*~*~tactically~*~*~ (outnumbered).
 10121 | Lair:3   | 10121 ||| Stepping ~*~*~tactically~*~*~ (outnumbered).
 10122 | Lair:3   | 10122 ||| Stepping ~*~*~tactically~*~*~ (outnumbered).
 10127 | Lair:3   | Reached **** piety under Okawaru
 10214 | Lair:3   | Noticed Fannar
 10222 | Lair:3   | Received a gift from Okawaru
 10231 | Lair:3   | Killed Fannar
 10243 | Lair:3   | 10243 ||| UPGRADING to ring of see invisible.
 10245 | Lair:3   | 10245 ||| READING 11 scrolls of identify.
 10245 | Lair:3   | 10245 ||| IDENTIFYING sedimented clear potion
 10577 | Lair:2   | 10577 ||| INVOKING Heroism.
 10637 | Lair:2   | 10637 ||| INVOKING Heroism.
 10711 | Lair:2   | You fall into a shaft and drop 2 floors!
 10713 | Lair:4   | 10713 ||| INVOKING Heroism.
 10724 | Lair:4   | Received a gift from Okawaru
 10792 | Lair:4   | 10792 ||| INVOKING Heroism.
 10807 | Lair:4   | You fall into a shaft and drop 1 floor!
 10807 | Lair:5   | Entered Level 5 of the Lair of Beasts
 10830 | Lair:5   | Noticed a six-headed hydra
 10831 | Lair:5   | 10831 ||| INVOKING Heroism.
 10842 | Lair:5   | Killed a nine-headed hydra
 10843 | Lair:5   | Reached skill level 6 in Invocations
 10927 | Lair:5   | 10927 ||| INVOKING Heroism.
 10936 | Lair:5   | HP: 27/118 [poisoned by a black mamba]
 10937 | Lair:5   | 10937 ||| READING 3 scrolls of teleportation.
 10938 | Lair:5   | 10938 ||| DRINKING potion of heal wounds.
 11029 | Lair:5   | Reached XP level 13. HP: 124/124 MP: 16/16
 11059 | Lair:5   | 11059 ||| STAIRDANCE
 11091 | Lair:4   | 11091 ||| INVOKING Heroism.
 11092 | Lair:4   | 11092 ||| Stepping ~*~*~tactically~*~*~ (stealth).
 11095 | Lair:4   | Reached skill level 18 in Unarmed Combat
 11106 | Lair:4   | 11106 ||| Stepping ~*~*~tactically~*~*~ (stealth).
 11107 | Lair:4   | 11107 ||| Stepping ~*~*~tactically~*~*~ (outnumbered).
 11113 | Lair:4   | 11113 ||| Stepping ~*~*~tactically~*~*~ (outnumbered).
 11121 | Lair:4   | 11121 ||| Stepping ~*~*~tactically~*~*~ (stealth).
 11125 | Lair:4   | 11125 ||| INVOKING Heroism.
 11127 | Lair:4   | 11127 ||| Stepping ~*~*~tactically~*~*~ (outnumbered).
 11128 | Lair:4   | 11128 ||| Stepping ~*~*~tactically~*~*~ (outnumbered).
 11129 | Lair:4   | 11129 ||| Stepping ~*~*~tactically~*~*~ (outnumbered).
 11262 | Lair:4   | Found a staircase to the Slime Pits.
 11269 | Lair:4   | 11269 ||| INVOKING Heroism.
 11553 | Lair:4   | 11553 ||| INVOKING Heroism.
 11674 | Lair:4   | 11674 ||| INVOKING Heroism.
 11699 | Lair:4   | You fall into a shaft and drop 1 floor!
 11707 | Lair:5   | 11707 ||| DROPPING +6 ring of intelligence.
 11708 | Lair:5   | 11708 ||| READING scroll labelled LIMISTR MYEMIFF.
 11859 | Lair:3   | Noticed Amaemon
 11860 | Lair:3   | 11860 ||| Stepping ~*~*~tactically~*~*~ (hiding).
 11866 | Lair:3   | 11866 ||| INVOKING Heroism.
 11868 | Lair:3   | Killed Amaemon
 11871 | Lair:3   | 11871 ||| Stepping ~*~*~tactically~*~*~ (hiding).
 12154 | Lair:3   | 12154 ||| Stepping ~*~*~tactically~*~*~ (stealth).
 12157 | Lair:3   | 12157 ||| INVOKING Heroism.
 12172 | Lair:3   | 12172 ||| Stepping ~*~*~tactically~*~*~ (stealth).
 12174 | Lair:3   | 12174 ||| Stepping ~*~*~tactically~*~*~ (stealth).
 12176 | Lair:3   | 12176 ||| Stepping ~*~*~tactically~*~*~ (stealth).
 12182 | Lair:3   | 12182 ||| Stepping ~*~*~tactically~*~*~ (outnumbered).
 12191 | Lair:3   | Reached ***** piety under Okawaru
 12193 | Lair:3   | 12193 ||| INVOKING Heroism.
 12268 | Lair:3   | 12268 ||| INVOKING Heroism.
 12363 | Lair:3   | 12363 ||| INVOKING Heroism.
 12413 | Lair:3   | 12413 ||| Stepping ~*~*~tactically~*~*~ (outnumbered).
 12415 | Lair:3   | 12415 ||| INVOKING Heroism.
 12442 | Lair:3   | 12442 ||| Stepping ~*~*~tactically~*~*~ (stealth).
 12445 | Lair:3   | 12445 ||| Stepping ~*~*~tactically~*~*~ (outnumbered).
 12515 | Lair:3   | 12515 ||| INVOKING Heroism.
 12876 | Lair:4   | 12876 ||| INVOKING Heroism.
 12882 | Lair:4   | 12882 ||| Stepping ~*~*~tactically~*~*~ (outnumbered).
 12887 | Lair:4   | 12887 ||| Stepping ~*~*~tactically~*~*~ (outnumbered).
 12888 | Lair:4   | 12888 ||| Stepping ~*~*~tactically~*~*~ (outnumbered).
 12889 | Lair:4   | 12889 ||| Stepping ~*~*~tactically~*~*~ (outnumbered).
 12890 | Lair:4   | 12890 ||| Stepping ~*~*~tactically~*~*~ (outnumbered).
 12891 | Lair:4   | 12891 ||| Stepping ~*~*~tactically~*~*~ (outnumbered).
 12892 | Lair:4   | 12892 ||| Stepping ~*~*~tactically~*~*~ (outnumbered).
 12893 | Lair:4   | 12893 ||| Stepping ~*~*~tactically~*~*~ (outnumbered).
 12894 | Lair:4   | 12894 ||| Stepping ~*~*~tactically~*~*~ (outnumbered).
 12895 | Lair:4   | 12895 ||| Stepping ~*~*~tactically~*~*~ (outnumbered).
 12896 | Lair:4   | 12896 ||| Stepping ~*~*~tactically~*~*~ (outnumbered).
 12897 | Lair:4   | 12897 ||| Stepping ~*~*~tactically~*~*~ (outnumbered).
 12898 | Lair:4   | 12898 ||| Stepping ~*~*~tactically~*~*~ (outnumbered).
 12899 | Lair:4   | 12899 ||| Stepping ~*~*~tactically~*~*~ (outnumbered).
 13188 | Lair:4   | 13188 ||| INVOKING Heroism.
 13222 | Lair:4   | 13222 ||| INVOKING Heroism.
 13223 | Lair:4   | 13223 ||| INVOKING Finesse.
 13317 | Lair:4   | You fall into a shaft and drop 1 floor!
 13317 | Lair:5   | Was forgiven by Ignis
 13323 | Lair:5   | 13323 ||| DROPPING amulet of faith.
 13324 | Lair:5   | 13324 ||| DROPPING amulet of magic regeneration.
 13572 | Lair:5   | 13572 ||| INVOKING Heroism.
 13573 | Lair:5   | 13573 ||| INVOKING Finesse.
 13707 | Lair:5   | 13707 ||| Stepping ~*~*~tactically~*~*~ (stealth).
 13724 | Lair:5   | 13724 ||| Stepping ~*~*~tactically~*~*~ (stealth).
 13763 | Lair:5   | 13763 ||| INVOKING Heroism.
 13764 | Lair:5   | 13764 ||| Stepping ~*~*~tactically~*~*~ (stealth).
 13765 | Lair:5   | 13765 ||| INVOKING Finesse.
 13787 | Lair:5   | Reached skill level 9 in Invocations
 13792 | Lair:5   | 13792 ||| Stepping ~*~*~tactically~*~*~ (hiding).
 13793 | Lair:5   | 13793 ||| INVOKING Heroism.
 13794 | Lair:5   | 13794 ||| Stepping ~*~*~tactically~*~*~ (cloud).
 13812 | Lair:5   | 13812 ||| INVOKING Finesse.
 13813 | Lair:5   | 13813 ||| Stepping ~*~*~tactically~*~*~ (outnumbered).
 13816 | Lair:5   | 13816 ||| Stepping ~*~*~tactically~*~*~ (outnumbered).
 13817 | Lair:5   | 13817 ||| Stepping ~*~*~tactically~*~*~ (outnumbered).
 13818 | Lair:5   | 13818 ||| Stepping ~*~*~tactically~*~*~ (outnumbered).
 13829 | Lair:5   | Received a gift from Okawaru
 13893 | Lair:5   | 13893 ||| INVOKING Heroism.
 13903 | Lair:5   | 13903 ||| Stepping ~*~*~tactically~*~*~ (hiding).
 13909 | Lair:5   | Received a gift from Okawaru
 14014 | Lair:5   | 14014 ||| INVOKING Heroism.
 14032 | Lair:5   | 14032 ||| INVOKING Heroism.
 14230 | Lair:5   | 14230 ||| INVOKING Heroism.
 14235 | Lair:5   | Reached XP level 14. HP: 136/136 MP: 17/20
 14443 | Lair:5   | 14443 ||| INVOKING Heroism.
 14444 | Lair:5   | 14444 ||| INVOKING Finesse.
 14630 | Lair:5   | 14630 ||| INVOKING Heroism.
 14631 | Lair:5   | 14631 ||| INVOKING Finesse.
 14682 | Lair:5   | Identified the +4 rapier of Peace {antimagic, Will+ Int+3
                  | Dex-5}
 14761 | Lair:5   | 14761 ||| PLANNING D:1-11
 14834 | D:10     | Entered Level 10 of the Dungeon
 14845 | D:10     | 14845 ||| INVOKING Heroism.
 15028 | D:10     | 15028 ||| Stepping ~*~*~tactically~*~*~ (stealth).
 15155 | D:10     | 15155 ||| Stepping ~*~*~tactically~*~*~ (stealth).
 15157 | D:10     | 15157 ||| Stepping ~*~*~tactically~*~*~ (hiding).
 15168 | D:10     | 15168 ||| INVOKING Heroism.
 15169 | D:10     | 15169 ||| Stepping ~*~*~tactically~*~*~ (outnumbered).
 15173 | D:10     | 15173 ||| Stepping ~*~*~tactically~*~*~ (outnumbered).
 15218 | D:10     | 15218 ||| Stepping ~*~*~tactically~*~*~ (stealth).
 15219 | D:10     | 15219 ||| Stepping ~*~*~tactically~*~*~ (stealth).
 15221 | D:10     | 15221 ||| Stepping ~*~*~tactically~*~*~ (stealth).
 15404 | D:10     | Found a shimmering altar of Xom.
 15513 | D:10     | 15513 ||| DROPPING amulet of guardian spirit.
 15623 | D:11     | 15623 ||| Stepping ~*~*~tactically~*~*~ (stealth).
 15625 | D:11     | 15625 ||| Stepping ~*~*~tactically~*~*~ (hiding).
 15627 | D:11     | 15627 ||| Stepping ~*~*~tactically~*~*~ (hiding).
 15630 | D:11     | 15630 ||| INVOKING Heroism.
 15631 | D:11     | 15631 ||| INVOKING Finesse.
 15645 | D:11     | Reached skill level 6 in Throwing
 15890 | D:11     | 15890 ||| INVOKING Heroism.
 15891 | D:11     | 15891 ||| INVOKING Finesse.
 15898 | D:11     | Reached skill level 19 in Unarmed Combat
 15976 | D:11     | 15976 ||| Stepping ~*~*~tactically~*~*~ (hiding).
 15991 | D:11     | 15991 ||| Stepping ~*~*~tactically~*~*~ (stealth).
 16085 | D:11     | 16085 ||| Stepping ~*~*~tactically~*~*~ (stealth).
 16090 | D:11     | 16090 ||| Stepping ~*~*~tactically~*~*~ (stealth).
 16100 | D:11     | 16100 ||| Stepping ~*~*~tactically~*~*~ (stealth).
 16103 | D:11     | 16103 ||| Stepping ~*~*~tactically~*~*~ (stealth).
 16169 | D:11     | Found the +7 Singing Sword {vorpal, sonic wave}
 16264 | D:11     | 16264 ||| Stepping ~*~*~tactically~*~*~ (stealth).
 16266 | D:11     | 16266 ||| Stepping ~*~*~tactically~*~*~ (hiding).
 16267 | D:11     | 16267 ||| Stepping ~*~*~tactically~*~*~ (hiding).
 16574 | D:11     | 16574 ||| PLANNING D
 16574 | D:11     | 16574 ||| UPGRADING to scarf of repulsion.
 16584 | D:11     | 16584 ||| DROPPING orb of wrath.
 16585 | D:11     | 16585 ||| READING scroll labelled JIAG ENGEATY.
 16740 | D:12     | 16740 ||| Stepping ~*~*~tactically~*~*~ (stealth).
 16742 | D:12     | 16742 ||| INVOKING Heroism.
 16751 | D:12     | 16751 ||| Stepping ~*~*~tactically~*~*~ (stealth).
 16753 | D:12     | 16753 ||| Stepping ~*~*~tactically~*~*~ (stealth).
 16757 | D:12     | 16757 ||| Stepping ~*~*~tactically~*~*~ (stealth).
 16770 | D:12     | 16770 ||| Stepping ~*~*~tactically~*~*~ (stealth).
 16772 | D:12     | 16772 ||| Stepping ~*~*~tactically~*~*~ (stealth).
 16773 | D:12     | 16773 ||| Stepping ~*~*~tactically~*~*~ (stealth).
 16774 | D:12     | 16774 ||| Stepping ~*~*~tactically~*~*~ (stealth).
 16778 | D:12     | 16778 ||| Stepping ~*~*~tactically~*~*~ (stealth).
 16784 | D:12     | Noticed Sonja
 16785 | D:12     | 16785 ||| INVOKING Finesse.
 16801 | D:12     | 16801 ||| Stepping ~*~*~tactically~*~*~ (outnumbered).
 16801 | D:12     | Found a staircase to the Orcish Mines.
 16804 | D:12     | 16804 ||| Stepping ~*~*~tactically~*~*~ (outnumbered).
 16808 | D:12     | 16808 ||| Stepping ~*~*~tactically~*~*~ (outnumbered).
 16809 | D:12     | 16809 ||| Stepping ~*~*~tactically~*~*~ (outnumbered).
 16811 | D:12     | 16811 ||| Stepping ~*~*~tactically~*~*~ (hiding).
 16812 | D:12     | 16812 ||| INVOKING Heroism.
 16819 | D:12     | 16819 ||| Stepping ~*~*~tactically~*~*~ (outnumbered).
 16833 | D:12     | HP: 29/137 [Sonja/+2 dagger of distortion (9)]
 16834 | D:12     | 16834 ||| READING 2 scrolls of teleportation.
 16835 | D:12     | 16835 ||| DRINKING 3 potions of heal wounds.
 16838 | D:12     | HP: 29/137 [boulder beetle (14)]
 16839 | D:12     | 16839 ||| DRINKING 2 potions of heal wounds.
 16945 | D:12     | 16945 ||| INVOKING Heroism.
 16946 | D:12     | 16946 ||| INVOKING Finesse.
 16950 | D:12     | 16950 ||| Stepping ~*~*~tactically~*~*~ (outnumbered).
 16951 | D:12     | 16951 ||| Stepping ~*~*~tactically~*~*~ (outnumbered).
 17022 | D:12     | Killed Sonja
 17091 | D:12     | 17091 ||| Stepping ~*~*~tactically~*~*~ (stealth).
 17109 | D:12     | 17109 ||| Stepping ~*~*~tactically~*~*~ (stealth).
 17112 | D:12     | 17112 ||| Stepping ~*~*~tactically~*~*~ (stealth).
 17126 | D:12     | 17126 ||| Stepping ~*~*~tactically~*~*~ (stealth).
 17162 | D:12     | 17162 ||| INVOKING Heroism.
 17163 | D:12     | 17163 ||| INVOKING Finesse.
 17166 | D:12     | 17166 ||| Stepping ~*~*~tactically~*~*~ (hiding).
 17188 | D:12     | Reached skill level 9 in Fighting
 17236 | D:12     | 17236 ||| Stepping ~*~*~tactically~*~*~ (stealth).
 17550 | D:12     | 17550 ||| DROPPING ring of resist corrosion.
 17551 | D:12     | 17551 ||| DROPPING ring of willpower.
 17552 | D:12     | 17552 ||| DROPPING ring of protection from cold.
 17590 | D:13     | 17590 ||| Stepping ~*~*~tactically~*~*~ (stealth).
 17593 | D:13     | 17593 ||| Stepping ~*~*~tactically~*~*~ (stealth).
 17596 | D:13     | 17596 ||| Stepping ~*~*~tactically~*~*~ (stealth).
 17598 | D:13     | 17598 ||| Stepping ~*~*~tactically~*~*~ (outnumbered).
 17600 | D:13     | 17600 ||| Stepping ~*~*~tactically~*~*~ (outnumbered).
 17607 | D:13     | 17607 ||| Stepping ~*~*~tactically~*~*~ (stealth).
 17649 | D:13     | 17649 ||| INVOKING Heroism.
 17697 | D:13     | 17697 ||| Stepping ~*~*~tactically~*~*~ (hiding).
 17799 | D:13     | 17799 ||| Stepping ~*~*~tactically~*~*~ (hiding).
 17800 | D:13     | 17800 ||| Stepping ~*~*~tactically~*~*~ (hiding).
 17944 | D:13     | 17944 ||| Stepping ~*~*~tactically~*~*~ (hiding).
 17949 | D:13     | 17949 ||| INVOKING Heroism.
 17955 | D:13     | 17955 ||| Stepping ~*~*~tactically~*~*~ (outnumbered).
 18010 | D:13     | 18010 ||| INVOKING Heroism.
 18012 | D:13     | 18012 ||| Stepping ~*~*~tactically~*~*~ (outnumbered).
 18018 | D:13     | Received a gift from Okawaru
 18123 | D:13     | 18123 ||| INVOKING Heroism.
 18124 | D:13     | 18124 ||| Stepping ~*~*~tactically~*~*~ (outnumbered).
 18125 | D:13     | 18125 ||| Stepping ~*~*~tactically~*~*~ (outnumbered).
 18126 | D:13     | 18126 ||| Stepping ~*~*~tactically~*~*~ (outnumbered).
 18131 | D:13     | 18131 ||| Stepping ~*~*~tactically~*~*~ (outnumbered).
 18154 | D:13     | 18154 ||| Stepping ~*~*~tactically~*~*~ (outnumbered).
 18171 | D:13     | 18171 ||| Stepping ~*~*~tactically~*~*~ (outnumbered).
 18172 | D:13     | 18172 ||| Stepping ~*~*~tactically~*~*~ (outnumbered).
 18177 | D:13     | Received a gift from Okawaru
 18228 | D:13     | 18228 ||| INVOKING Heroism.
 18229 | D:13     | 18229 ||| Stepping ~*~*~tactically~*~*~ (outnumbered).
 18230 | D:13     | 18230 ||| Stepping ~*~*~tactically~*~*~ (outnumbered).
 18231 | D:13     | 18231 ||| Stepping ~*~*~tactically~*~*~ (outnumbered).
 18232 | D:13     | 18232 ||| Stepping ~*~*~tactically~*~*~ (outnumbered).
 18277 | D:13     | Found a gate to the Vaults.
 18279 | D:13     | 18279 ||| Stepping ~*~*~tactically~*~*~ (outnumbered).
 18287 | D:13     | Received a gift from Okawaru
 18291 | D:13     | 18291 ||| Stepping ~*~*~tactically~*~*~ (outnumbered).
 18293 | D:13     | HP: 28/140 [vault guard/+3 halberd (13)]
 18294 | D:13     | 18294 ||| READING 2 scrolls of teleportation.
 18295 | D:13     | 18295 ||| DRINKING potion of heal wounds.
 18298 | D:13     | HP: 32/140 [vault guard/+3 halberd (10)]
 18300 | D:13     | HP: 9/140 [vault guard/+3 halberd (9)]
 18469 | D:13     | 18469 ||| INVOKING Heroism.
 18470 | D:13     | 18470 ||| INVOKING Finesse.
 18688 | D:13     | 18688 ||| INVOKING Heroism.
 18882 | D:13     | 18882 ||| INVOKING Heroism.
 18883 | D:13     | 18883 ||| INVOKING Finesse.
 18944 | D:13     | Found the amulet of Vitality {RegenMP++ Regen++}
 19096 | D:13     | Found a portal to a secret trove of treasure.
 19217 | D:13     | Reached XP level 15. HP: 146/146 MP: 21/21
 19220 | D:13     | 19220 ||| Stepping ~*~*~tactically~*~*~ (stealth).
 19221 | D:13     | 19221 ||| Stepping ~*~*~tactically~*~*~ (stealth).
 19287 | D:13     | 19287 ||| UPGRADING to amulet of Vitality {RegenMP++
                  | Regen++}.
 19361 | D:14     | Reached skill level 20 in Unarmed Combat
 19462 | D:14     | 19462 ||| Stepping ~*~*~tactically~*~*~ (stealth).
 19464 | D:14     | 19464 ||| INVOKING Heroism.
 19550 | D:14     | 19550 ||| Stepping ~*~*~tactically~*~*~ (cloud).
 19556 | D:14     | 19556 ||| Stepping ~*~*~tactically~*~*~ (cloud).
 19557 | D:14     | 19557 ||| Stepping ~*~*~tactically~*~*~ (cloud).
 19714 | D:14     | 19714 ||| INVOKING Heroism.
 19718 | D:14     | Received a gift from Okawaru
 19781 | D:14     | 19781 ||| Stepping ~*~*~tactically~*~*~ (stealth).
 19783 | D:14     | 19783 ||| Stepping ~*~*~tactically~*~*~ (hiding).
 19786 | D:14     | 19786 ||| INVOKING Heroism.
 19788 | D:14     | 19788 ||| Stepping ~*~*~tactically~*~*~ (outnumbered).
 19789 | D:14     | 19789 ||| Stepping ~*~*~tactically~*~*~ (outnumbered).
 19790 | D:14     | 19790 ||| Stepping ~*~*~tactically~*~*~ (outnumbered).
 19791 | D:14     | 19791 ||| Stepping ~*~*~tactically~*~*~ (outnumbered).
 19792 | D:14     | 19792 ||| Stepping ~*~*~tactically~*~*~ (outnumbered).
 19793 | D:14     | 19793 ||| Stepping ~*~*~tactically~*~*~ (outnumbered).
 19794 | D:14     | 19794 ||| Stepping ~*~*~tactically~*~*~ (outnumbered).
 19795 | D:14     | 19795 ||| Stepping ~*~*~tactically~*~*~ (outnumbered).
 19796 | D:14     | 19796 ||| Stepping ~*~*~tactically~*~*~ (outnumbered).
 19797 | D:14     | 19797 ||| Stepping ~*~*~tactically~*~*~ (outnumbered).
 19798 | D:14     | 19798 ||| Stepping ~*~*~tactically~*~*~ (outnumbered).
 19800 | D:14     | 19800 ||| Stepping ~*~*~tactically~*~*~ (outnumbered).
 19801 | D:14     | 19801 ||| Stepping ~*~*~tactically~*~*~ (outnumbered).
 19802 | D:14     | 19802 ||| Stepping ~*~*~tactically~*~*~ (outnumbered).
 19803 | D:14     | 19803 ||| Stepping ~*~*~tactically~*~*~ (outnumbered).
 19805 | D:14     | 19805 ||| Stepping ~*~*~tactically~*~*~ (outnumbered).
 19806 | D:14     | 19806 ||| Stepping ~*~*~tactically~*~*~ (outnumbered).
 19817 | D:14     | 19817 ||| Stepping ~*~*~tactically~*~*~ (outnumbered).
 19818 | D:14     | 19818 ||| Stepping ~*~*~tactically~*~*~ (outnumbered).
 19819 | D:14     | 19819 ||| Stepping ~*~*~tactically~*~*~ (outnumbered).
 20246 | D:14     | 20246 ||| DROPPING +1 cloak.
 20278 | D:15     | Entered Level 15 of the Dungeon
 20301 | D:15     | Found a staircase to the Depths.
 20303 | D:15     | 20303 ||| INVOKING Heroism.
 20315 | D:15     | Reached skill level 9 in Throwing
 20369 | D:15     | 20369 ||| Stepping ~*~*~tactically~*~*~ (hiding).
 20370 | D:15     | 20370 ||| INVOKING Heroism.
 20374 | D:15     | 20374 ||| Stepping ~*~*~tactically~*~*~ (outnumbered).
 20378 | D:15     | 20378 ||| Stepping ~*~*~tactically~*~*~ (outnumbered).
 20379 | D:15     | 20379 ||| Stepping ~*~*~tactically~*~*~ (outnumbered).
 20382 | D:15     | 20382 ||| Stepping ~*~*~tactically~*~*~ (outnumbered).
 20387 | D:15     | HP: 32/146 [meliai/+0 war axe (9)]
 20388 | D:15     | 20388 ||| READING scroll of teleportation.
 20388 | D:15     | HP: 11/146 [meliai/divine providence (14)]
 20391 | D:15     | 20391 ||| Stepping ~*~*~tactically~*~*~ (outnumbered).
 20391 | D:15     | Mangled by a meliai

Levels and vault maps discovered:
D:1:      lightli_arrival_statue_moat, layout_loops_ring,
          chequers_ecumenical_altar_island
D:2:      layout_basic
D:3:      minmay_chambers_of_twos, layout_rooms, old_standard_altar
D:4:      layout_loops_ring, minmay_temple_entry_mini_moons,
          gammafunk_ghost_abyssal_escape, minmay_crystal_water,
          kennysheep_another_room, grunt_ministairs_10, minmay_surrounded,
          uniq_edmund
D:5:      layout_rooms, serial_rivers, chequers_serial_rivers_micro_e,
          chequers_serial_rivers_room_b, chequers_serial_rivers_small_a,
          chequers_serial_rivers_small_a, chequers_serial_rivers_room_b,
          chequers_serial_rivers_small_3, uniq_duvessa, uniq_prince_ribbit1,
          uniq_crazy_yiuf_cottage
D:6:      layout_basic, nzn_wu_jian_contemplation, uniq_grinder
D:7:      layout_cave_pools, dreamdust_divine_triumvirate, serial_gnoll_camp,
          gnoll_camp_mini_hut, gnoll_camp_mini_doghouse,
          gnoll_camp_mini_sergeant, gnoll_camp_mini_hut, gnoll_camp_huts_basic,
          hangedman_decor_points, minmay_bent
D:8:      layout_loops_ring, grunt_temple_overflow_cloverleaf, serial_ice,
          serial_ice_l, serial_ice_h, serial_ice_b, serial_ice_n, uniq_psyche,
          uniq_maurice
D:9:      layout_long_grid, lair_entry_dummy, serial_co_window_serial,
          co_window_corner_a, co_window_corner_a, co_window_corner_a,
          co_window_corner_a, co_window_paths_a, co_window_broadway_c,
          co_window_corner_b, co_window_broadway_b, co_window_broadway_b,
          co_window_of_opportunity_b, co_window_of_opportunity_c,
          co_window_corner_b, co_window_4corner_b, minivault_21
D:10:     layout_roguey, xom_confusion_cloud
D:11:     old_forge, layout_irregular_city, kennysheep_generic_room_2
D:12:     layout_cross, zombieorc1_lemuel, uniq_sonja
D:13:     layout_long_grid, grunt_vaults_entry_tiered,
          nicolae_trove_entry_crystal,
          hellmonk_guarded_unrand_vitality_bloodlust
D:14:     layout_stronghold, nicolae_water_bricks
D:15:     grunt_enter_depths_giant_problem, layout_loops_cross,
          portal_ice_cave_entry_pillars_1, drop_trap
Lair:1:   layout_chaotic_city, beast_lair_carwin_7, grunt_megastairs_5,
          uniq_maggie, uniq_harold
Lair:2:   minmay_lair_oklob_tunnel, layout_regular_city, swamp_mist,
          nicolae_spider_entry_tight_spaces, beast_lair_carwin_10, uniq_urug
Lair:3:   layout_cave_shapes, roderic_batcave, grunt_megastairs_4, uniq_amaemon,
          uniq_fannar
Lair:4:   layout_layer_cave, nicolae_slime_entry_slimehenge, grunt_megastairs_1,
          serial_bayou_shore_a
Lair:5:   grunt_lair_end_beastmaster, layout_concentric_octagons,
          serial_bayou_pond_c

Skill      XL: |  1  2  3  4  5  6  7  8  9 10 11 12 13 14 15 |
---------------+----------------------------------------------+-----
Unarmed Combat | 4 5 7 8 9 11 13 15 16 17 18 19 20 | 20.1
Throwing       | 1 2 5 8 9 |  9.0
Fighting       | 4 5 6 7 8 9 |  9.0
Dodging        | 1 2 |  2.3
Armour         | 1 3 4 |  4.0
Invocations    | 3 6 9 10 | 10.0
Spellcasting   | |  1.0
Fire Magic     | |  2.1

Action                   |  1- 3 |  4- 6 |  7- 9 | 10-12 | 13-15 || total
-------------------------+-------+-------+-------+-------+-------++-------
Melee: Unarmed           |    76 |   152 |   232 |   440 |   699 ||  1599
       Punch             |     1 |     2 |    17 |    27 |    73 ||   120
Throw: Javelin           |     3 |    32 |       |    36 |    90 ||   161
       Boomerang         |       |       |    23 |    55 |    10 ||    88
       Large rock        |       |       |       |       |    90 ||    90
Invok: Fiery Armour      |     1 |     2 |     4 |     7 |       ||    14
       Heroism           |       |       |       |    17 |    45 ||    62
       Finesse           |       |       |       |       |    13 ||    13
  Use: Scroll            |     3 |     8 |     4 |     7 |     5 ||    27
       Potion            |       |     8 |     1 |     6 |     3 ||    18
Armor: Robe              |    20 |    41 |    50 |    50 |       ||   161
       Acid dragon scale |       |       |       |    30 |       ||    30
       Swamp dragon scal |       |       |       |    55 |   236 ||   291
Dodge: Dodged            |    22 |    64 |   123 |   241 |   439 ||   889
       Repelled          |       |       |       |       |     2 ||     2

Table legend:
 A = Non-vault XP
 B = Vault XP
 C = Vault XP percentage of total XP
 D = Non-vault monster count
 E = Vault monster count
 F = Vault count percentage of total count
                 A         B        C        D         E       F
            +---------+---------+-------+---------+---------+-------
      Total |   68408 |   44773 |  39.6 |     409 |     219 |  34.9
            +---------+---------+-------+---------+---------+-------
        D:1 |      50 |       0 |   0.0 |      22 |       0 |   0.0
        D:2 |      82 |       0 |   0.0 |      18 |       0 |   0.0
        D:3 |      57 |     173 |  75.2 |      18 |      10 |  35.7
        D:4 |      86 |     208 |  70.7 |      18 |       5 |  21.7
        D:5 |     651 |     516 |  44.2 |      14 |       3 |  17.6
        D:6 |    1112 |     277 |  19.9 |      23 |       1 |   4.2
        D:7 |     710 |    1438 |  66.9 |      19 |      34 |  64.2
        D:8 |    1592 |    1175 |  42.5 |      15 |       7 |  31.8
        D:9 |    2965 |       0 |   0.0 |      35 |       0 |   0.0
       D:10 |    2151 |    1705 |  44.2 |      21 |      10 |  32.3
       D:11 |    3564 |     672 |  15.9 |      17 |      15 |  46.9
       D:12 |    6497 |    1524 |  19.0 |      21 |      29 |  58.0
       D:13 |    8637 |   12041 |  58.2 |      27 |      29 |  51.8
       D:14 |    6213 |       0 |   0.0 |      21 |       0 |   0.0
       D:15 |    2340 |    1027 |  30.5 |       7 |       1 |  12.5
     Lair:1 |    3573 |    3328 |  48.2 |      12 |       8 |  40.0
     Lair:2 |    8172 |    5306 |  39.4 |      29 |      17 |  37.0
     Lair:3 |    4465 |    4229 |  48.6 |      28 |      20 |  41.7
     Lair:4 |    8095 |     713 |   8.1 |      28 |       9 |  24.3
     Lair:5 |    7396 |   10441 |  58.5 |      16 |      21 |  56.8
            +---------+---------+-------+---------+---------+-------
